 Dungeon Crawl Stone Soup version 0.30.0 (webtiles) character file.

Game seed: 17974838120107725747

764 Kepochkin the Chopper (level 7, -1/55 HPs)
             Began as a Demonspawn Berserker on May 14, 2023.
             Was a Priest of Trog.
             Slain by a yak (13 damage)
             ... on level 5 of the Dungeon.
             The game lasted 00:30:38 (4275 turns).

Kepochkin the Chopper (Demonspawn Berserker)        Turns: 4275, Time: 00:30:40

Health: -1/55      AC:  7    Str: 19    XL:     7   Next: 51%
Magic:  7/7        EV: 15    Int:  9    God:    Trog [***...]
Gold:   203        SH:  0    Dex: 12    Spells: 6/6 levels left

rFire   . . .        h - +4 hand axe (heavy)
rCold   . . .        (no shield)
rNeg    . . .        m - +0 scale mail
rPois   .            (no helmet)
rElec   .            (no cloak)
rCorr   .            (no gloves)
SInv    .            (no boots)
Will    .....        (no amulet)
Stlth   x              - +5 ring of evasion
HPRegen 0.29/turn    (no ring)
MPRegen 0.10/turn

%: no passive effects
@: no status effects
A: hooves 1, ignite blood 2
a: Renounce Religion, Berserk, Trog's Hand


You were on level 5 of the Dungeon.
You worshipped Trog.
Trog was most pleased with you.
You visited 1 branch of the dungeon, and saw 5 of its levels.
You also visited: Sewer.

You collected 203 gold pieces.

Inventory:

Hand Weapons
 a - a +0 hand axe
 h - a +4 heavy hand axe (weapon)
 k - a +0 dagger of venom
Missiles
 b - 2 atropa-tipped darts
 n - 5 silver javelins (quivered)
 y - 5 poisoned darts
Armour
 l - a +1 pair of boots
 m - a +0 scale mail (worn)
Jewellery
 x - a +5 ring of evasion (left hand)
Scrolls
 d - 3 scrolls of identify
 e - 3 scrolls of teleportation
 g - 2 scrolls of immolation
 i - a scroll of amnesia
 s - a scroll of vulnerability
Potions
 c - 3 potions of lignification
 j - 2 potions of haste {unknown}
 o - a potion of heal wounds {unknown}
 q - 2 potions of curing {unknown}
 r - 6 potions of flight
 u - a potion of brilliance {unknown}
 v - a potion of invisibility {unknown}
 w - 2 potions of degeneration
 z - a potion of ambrosia {unknown}
 A - 2 potions of attraction {unknown}


   Skills:
 + Level 4.6 Fighting
 + Level 5.7 Axes
 + Level 3.7 Armour
 + Level 3.1 Dodging
 - Level 1.5 Stealth


You had 6 spell levels left.
You didn't know any spells.
Your spell library contained the following spells:

 Spells                   Type           Power      Damage    Failure   Level
 Sandblast                Erth           0%         2d4       75%         1
 Passwall                 Tmut/Erth      0%         N/A       87%         2
 Stone Arrow              Conj/Erth      0%         3d7       98%         3


Dungeon Overview and Level Annotations

Branches:
Dungeon (5/15)              Sewer (visited)
 Temple: D:4-7

Altars:
Trog
Uskayaw


Innate Abilities, Weirdness & Mutations

You have large cloven feet.
Your demonic aura often causes spilled blood to erupt in flames.


Message History

(D) Dungeon
Where to? (Enter - D:4, ? - help)
What level of the Dungeon? (default 1, ? - help)
There is a stone staircase leading down here.
You climb downwards.
There is a stone staircase leading up here.
Found a stone staircase leading down.
Okay, then.
Unknown command.
A yak comes into view.
The yak bellows!
You hear a bellow!
A yak comes into view.
A yak and a phantom come into view.
The yak gores you!
You slash the yak! You kick the yak.
The yak is moderately wounded.
The yak is engulfed in blazing flames.
The yak barely misses you.
You hit the yak. You punch the yak.
The yak is severely wounded.
You hit the yak.
The yak is engulfed in blazing flames. x2
The yak gores you but does no damage.
A jelly comes into view.
The yak is engulfed in blazing flames.
You kill the yak!
Trog accepts your kill. The yak gores you. The yak gores you!
The yak attacks as you move away! The yak gores you. The yak misses you.
The yak snorts and paws the ground.
The yak barely misses you.
There is a stone staircase leading down here.
You slash the yak! You kick the yak, but do no damage.
The yak is almost dead.
The yak gores you.
You hit the yak.
You kill the yak!
Trog accepts your kill.
You barely miss the yak. The yak gores you!
* * * LOW HITPOINT WARNING * * *
The yak gores you!
You die...

..#.# #<..#
..#.#####.#
..#.......#
#.#..###### #
#.#..# #..
#.#..#
#...#.#..#
#....†Y..#.##
......WJ@....#
####.###.##..#
# #.# ..# #.#
.# ... .# ..#
... ##.#


You could see a yak, a phantom and a jelly.

Vanquished Creatures
  2 yaks (D:5)
  A black bear (D:4)
  2 ogres
  2 hounds (D:4)
  An orc priest (D:4)
  An orc wizard (D:4)
  6 river rats
  9 adders
  4 worms
  A dart slug (D:4)
  5 orcs (D:4)
  9 endoplasms
  4 giant cockroaches
  6 goblins
  7 hobgoblins
  3 jackals (Sewer)
  7 quokkas
  9 ball pythons
  5 bats
  6 frilled lizards
  8 kobolds
  5 rats
103 creatures vanquished.

Vanquished Creatures (others)
  6 plants (D:4)
6 creatures vanquished.

Grand Total: 109 creatures vanquished

Notes
Turn   | Place    | Note
-------+----------+-------------------------------------------
     0 | D:1      | Kepochkin the Demonspawn Berserker began the quest for the
                  | Orb.
     0 | D:1      | Reached XP level 1. HP: 18/18 MP: 1/1
    17 | D:1      | Found a faded altar of an unknown god.
   376 | D:1      | Gained mutation: Your demonic aura sometimes causes spilled
                  | blood to erupt in flames. [demonic ancestry]
   376 | D:1      | Reached XP level 2. HP: 24/24 MP: 2/2
   409 | D:1      | You fall into a shaft and drop 1 floor!
   583 | D:1      | Reached skill level 3 in Axes
   882 | D:2      | Noticed an ogre
   892 | D:2      | Killed an ogre
   893 | D:2      | Discovered your monstrous ancestry.
   893 | D:2      | Gained mutation: You have large cloven feet. [demonic
                  | ancestry]
   893 | D:2      | Reached XP level 3. HP: 7/30 MP: 3/3
   893 | D:2      | Gained mutation: Your demonic aura often causes spilled
                  | blood to erupt in flames. [demonic ancestry]
   893 | D:2      | Reached XP level 4. HP: 9/37 MP: 4/4
  1018 | D:2      | Found a bloodstained altar of Trog.
  1102 | D:2      | Reached ** piety under Trog
  1103 | D:2      | Reached skill level 1 in Stealth
  1409 | D:2      | Reached XP level 5. HP: 33/42 MP: 5/5
  2142 | D:3      | Found a glowing drain.
  2149 | D:3      | Reached skill level 4 in Axes
  2210 | Sewer    | Entered a sewer
  2806 | Sewer    | Reached XP level 6. HP: 29/48 MP: 6/6
  3253 | D:3      | Found a hide-covered altar of Uskayaw.
  3627 | D:4      | Reached skill level 5 in Axes
  3742 | D:4      | Reached *** piety under Trog
  3780 | D:4      | Reached XP level 7. HP: 55/55 MP: 7/7
  4252 | D:5      | Entered Level 5 of the Dungeon
  4268 | D:5      | Noticed a yak
  4268 | D:5      | Noticed a yak
  4269 | D:5      | Noticed a yak
  4271 | D:5      | Killed a yak
  4275 | D:5      | Killed a yak
  4275 | D:5      | Slain by a yak

Illustrated notes

Levels and vault maps discovered:
D:1:      mrwooster_arrival_statue, layout_loops_cross,
          ebering_ecumenical_altar_petrified, minmay_tetromino_i2
D:2:      layout_basic, basic_altar
D:3:      layout_loops_ring, marbit_many_paths, portal_sewer_entry_a
D:4:      layout_loops_ring, guppyfry_early_lair_pool
D:5:      layout_basic, serial_shops, nicolae_shop_just_a_little_nook

Skill      XL: |  1  2  3  4  5  6  7 |
---------------+----------------------+-----
Dodging        | 2 3 |  3.1
Axes           | 3 4 5 |  5.7
Fighting       | 4 |  4.6
Armour         | 2 3 |  3.7
Stealth        | 1 |  1.5

Action                     |  1- 3 |  4- 6 |  7- 9 || total
---------------------------+-------+-------+-------++-------
  Melee: Hand axe          |    50 |   191 |    12 ||   253
         Kick              |       |    38 |     5 ||    43
         Punch             |       |     1 |     1 ||     2
    Use: Scroll            |       |     2 |    10 ||    12
   Stab: Sleeping          |     3 |     1 |       ||     4
 Armour: Animal skin       |    15 |     3 |       ||    18
         Scale mail        |       |    85 |     3 ||    88
  Dodge: Dodged            |    37 |   176 |    16 ||   229
